 Dungeon Crawl Stone Soup version 0.24.1-1-gd1d2a07e1b (webtiles) character file.

Game seed: 7866123155171225709, levelgen mode: deterministic

11 BowlsofSteal the Sneak (level 2, -1/26 HPs)
             Began as a Gnoll Wanderer on Apr 8, 2020.
             Slain by an adder (3 damage)
             ... on level 2 of the Dungeon.
             The game lasted 00:02:04 (251 turns).

BowlsofSteal the Sneak (Gnoll Wanderer)              Turns: 251, Time: 00:02:05

Health: -1/26      AC:  2    Str: 14    XL:     2   Next: 29%
Magic:  2/2        EV: 16    Int: 11    God:
Gold:   31         SH:  4    Dex: 17    Spells: 1/1 levels left

rFire    . . .     SeeInvis .   d - +0 spear
rCold    . . .     Gourm    .   m - +0 buckler
rNeg     . . .     Faith    .   e - +0 robe
rPois    .         Spirit   .   (no helmet)
rElec    .         Reflect  .   (no cloak)
rCorr    .         Harm     .   (no gloves)
MR       .....                  (no boots)
Stlth    ++++......             (no amulet)
HPRegen  0.08/turn              (no ring)
MPRegen  0.08/turn              (no ring)

@: lethally poisoned (-1 -> -3)
A: distributed training, fangs 1, strong nose
a: no special abilities


You were on level 2 of the Dungeon.
You were not hungry.

You visited 1 branch of the dungeon, and saw 2 of its levels.

You collected 31 gold pieces.

Inventory:

Hand Weapons
 a - a +2 dagger
 d - a +0 spear (weapon)
Missiles
 b - 4 curare-tipped darts (quivered)
 g - 15 poisoned darts
Armour
 e - a +0 robe (worn)
 m - a +0 buckler (worn)
Scrolls
 h - a scroll of remove curse {unknown}
 i - a scroll of teleportation {unknown}
 j - a scroll of identify {unknown}
 l - a scroll of fear {unknown}
Potions
 c - a potion of lignification
 k - a potion of flight {unknown}
Comestibles
 f - a ration


   Skills:
 + Level 4.4 Fighting
 + Level 0.3 Short Blades
 + Level 0.3 Long Blades
 + Level 0.3 Axes
 + Level 0.3 Maces & Flails
 + Level 0.3 Polearms
 + Level 0.3 Staves
 + Level 0.3 Slings
 + Level 0.3 Bows
 + Level 0.3 Crossbows
 + Level 2.4 Throwing
 + Level 0.3 Armour
 + Level 6.4 Dodging
 + Level 7.7 Stealth
 + Level 0.3 Shields
 + Level 0.3 Unarmed Combat
 + Level 0.3 Spellcasting
 + Level 0.2 Conjurations
 + Level 0.2 Hexes
 + Level 0.2 Charms
 + Level 0.2 Summonings
 + Level 0.2 Necromancy
 + Level 0.2 Translocations
 + Level 0.2 Transmutations
 + Level 0.2 Fire Magic
 + Level 0.2 Ice Magic
 + Level 0.2 Air Magic
 + Level 0.2 Earth Magic
 + Level 0.2 Poison Magic
 + Level 0.4 Invocations
 + Level 0.3 Evocations


You had one spell level left.
You didn't know any spells.
Your spell library was empty.

Dungeon Overview and Level Annotations

Branches:
Dungeon (2/15)

Altars:

Annotations:
D:2 Jessica


Innate Abilities, Weirdness & Mutations

Your experience applies equally to all skills.
You have very sharp teeth.
Your uncanny sense of smell can sniff out nearby items.


Message History

The adder is moderately wounded.
You feel sick. The bat closely misses you.
Jessica casts a spell.
Jessica seems to speed up.
The ooze closely misses you. The adder closely misses you.
You miss the adder.
The adder is moderately wounded.
Jessica barely misses you. The adder bites you.
* * * LOW HITPOINT WARNING * * *
The ooze completely misses you. Jessica barely misses you.
The adder misses you.
You barely miss the adder.
The adder is moderately wounded.
The ooze closely misses you. Jessica completely misses you.
The adder misses you.
You hit the ooze but do no damage.
The ooze is almost dead.
Jessica gestures wildly.
Jessica barely misses you. You block the ooze's attack. The adder bites you.
You die...

##. ... ..
%.. l. %...
#. ###... #
#. #...
#.#.###.###
#.........#
#...@S#
.......#bJ@#
...###.#.#.#
. #.#.....
#.###.#...
#. ..#...#
## ### ..#
..# .#


You could see an ooze, an adder, Jessica and a bat.

Vanquished Creatures
  A giant cockroach (D:1)
  2 goblins (D:1)
  4 hobgoblins (D:1)
  A frilled lizard (D:2)
  A kobold (D:1)
  A rat (D:1)
10 creatures vanquished.

Notes
Turn   | Place    | Note
-------+----------+-------------------------------------------
     0 | D:1      | BowlsofSteal the Gnoll Wanderer began the quest for the
                  | Orb.
     0 | D:1      | BowlsofSteal set off with the following items: a +2 dagger,
                  | 4 curare-tipped darts, a potion of lignification, a +0
                  | spear, a +0 robe, a ration
     0 | D:1      | Reached XP level 1. HP: 20/20 MP: 1/1
   112 | D:1      | Reached XP level 2. HP: 25/26 MP: 2/2
   231 | D:2      | Noticed Jessica
   249 | D:2      | HP: 1/26 [adder (2)]
   251 | D:2      | Slain by an adder

Levels and vault maps discovered:
D:1:      roderic_crop_circles_arrival_large, layout_rooms
D:2:      layout_basic, grunt_dithmenos_smoke, first_ration,
          kennysheep_generic_room_4, uniq_jessica

Action                   || total
-------------------------++-------
Melee: Spear             ||    51
       Bite              ||     7
 Stab: Sleeping          ||     2
Armor: Robe              ||     7
Dodge: Dodged            ||    72
Block: Buckler           ||     8
